 Dungeon Crawl Stone Soup version 0.25.1-2-g60ff931df9 (webtiles) character file.

Game seed: 13360516955858043707

5 MajorAdolf the Sneak (level 1, -3/18 HPs)
             Began as a Naga Wanderer on Oct 15, 2020.
             Slain by a gnoll
             ... wielding a +0 spear
              (8 damage)
             ... on level 1 of the Dungeon.
             The game lasted 00:00:45 (194 turns).

MajorAdolf the Sneak (Naga Wanderer)                 Turns: 194, Time: 00:00:45

Health: -3/18      AC:  1    Str: 14    XL:     1   Next: 80%
Magic:  2/2        EV:  9    Int: 11    God:
Gold:   11         SH:  0    Dex: 11    Spells: 2/2 levels left

rFire    . . .     SeeInvis +   a - +2 dagger
rCold    . . .     Gourm    .   (no shield)
rNeg     . . .     Faith    .   e - +0 robe
rPois    +         Spirit   .   (no helmet)
rElec    .         Reflect  .   (no cloak)
rCorr    .         Harm     .   (no gloves)
MR       .....                  (no barding)
Stlth    ++........             (no amulet)
HPRegen  0.06/turn              (no ring)
MPRegen  0.08/turn              (no ring)

@: short of breath, very slow
A: large, see invisible, deformed body, poison resistance, slowness 2, slow
metabolism 1, spit poison 1, AC +0
a: Spit Poison


You were on level 1 of the Dungeon.
You were not hungry.

You visited 1 branch of the dungeon, and saw 1 of its levels.

You collected 11 gold pieces.

Inventory:

Hand Weapons
 a - a +2 dagger (weapon)
Armour
 e - a +0 robe (worn)
Scrolls
 c - a scroll of teleportation {unknown}
Potions
 b - a potion of haste
Comestibles
 d - a chunk of flesh
 f - a ration


   Skills:
 - Level 1.0 Fighting
   Level 2.0 Maces & Flails
 - Level 1.5 Armour
 + Level 2.9 Stealth
 - Level 1.0 Spellcasting
   Level 1.0 Summonings
   Level 1.0 Translocations
   Level 1.0 Evocations


You had 2 spell levels left.
You didn't know any spells.
Your spell library contained the following spells:

 Spells                   Type           Power        Failure   Level  Hunger
 Apportation              Tloc           #.....       22%         1    ##.....
 Summon Small Mammal      Summ           #...         22%         1    ##.....
 Gell's Gravitas          Tloc           #.........   54%         3    ####...
 Recall                   Summ/Tloc      N/A          54%         3    ####...


Dungeon Overview and Level Annotations

Branches:
Dungeon (1/15)

Altars:


Innate Abilities, Weirdness & Mutations

You cannot wear boots.
Your serpentine skin is tough. (AC +0)
You have supernaturally acute eyesight. (SInv)
Armour fits poorly on your strangely shaped body.
Your system is resistant to poisons. (rPois)
You cover ground very slowly.
You have a slow metabolism.
You can spit poison.


Message History

You kill the hobgoblin!
Press: ? - help, Shift-Dir - straight line, f - gnoll
Aim: a gnoll, wielding a +0 spear The splash of poison hits the gnoll.
The gnoll is poisoned.
The gnoll is moderately wounded.
You feel slightly more hungry.
The gnoll hits you from afar with a +0 spear!
You see here a kobold corpse.
The gnoll looks more healthy.
The gnoll hits you from afar with a +0 spear.
* * * LOW HITPOINT WARNING * * *
You have got your breath back.
Press: ? - help, Shift-Dir - straight line, f/p - gnoll
Aim: a gnoll, wielding a +0 spear (severely wounded)
The splash of poison hits the gnoll but does no damage.
The gnoll is poisoned.
The gnoll is severely wounded.
You feel slightly more hungry.
The gnoll hits you from afar with a +0 spear!
You die...

♣♣♣ ### ♣♣.♣ #..
♣♣♣..♣ +.8 ♣....♣
#.. ♣...♣♣ #..
♣♣....♣♣## #..
#♣......♣.♣ #..
###.........♣♣♣ #..
#.@...........♣♣###
##.######♣♣♣....♣♣♣#
#.g# ###...... #†##
###♣♣♣. #.# ♣♣ #.# #
#.# #)# #÷#


You could see a gnoll (poisoned).

Vanquished Creatures
  A leopard gecko (D:1)
  A hobgoblin (D:1)
  A kobold (D:1)
  A frilled lizard (D:1)
4 creatures vanquished.

Notes
Turn   | Place    | Note
-------+----------+-------------------------------------------
     0 | D:1      | MajorAdolf the Naga Wanderer began the quest for the Orb.
     0 | D:1      | MajorAdolf set off with the following items: a +2 dagger, a
                  | potion of haste, a +0 robe, a ration; and the following
                  | spells available to memorise: Apportation, Summon Small
                  | Mammal, Gell's Gravitas, Recall
     0 | D:1      | Reached XP level 1. HP: 18/18 MP: 2/2
   194 | D:1      | Slain by a gnoll

Illustrated notes

Levels and vault maps discovered:
D:1:      sevenhm_arrival_forest_fort_large_2, layout_rooms

Skill      XL: |  1 |
---------------+----+-----
Stealth        | 2 |  2.9
Fighting       | |  1.0
Maces & Flails | |  2.0
Armour         | |  1.5
Spellcasting   | |  1.0
Summonings     | |  1.0
Translocations | |  1.0
Evocations     | |  1.0

Action                   || total
-------------------------++-------
 Abil: Spit Poison       ||     7
Dodge: Dodged            ||     4
